 Dungeon Crawl Stone Soup version 0.30-a0-4-ga7cffc901d (webtiles) character file.

Game seed: 15564791838550523568

15822 Sobieck the Covert (level 12, -4/72 HPs)
             Began as a Kobold Earth Elementalist on Aug 20, 2022.
             Was a Priest of Wu Jian.
             Engulfed by a death drake's foul pestilence (8 damage)
             ... in a Gauntlet.
             The game lasted 00:43:48 (16170 turns).

Sobieck the Covert (Kobold Earth Elementalist)     Turns: 16170, Time: 00:43:48

Health: -4/72      AC: 17    Str:  6    XL:     12   Next: 62%
Magic:  22/22      EV: 20    Int: 19    God:    Wu Jian [***...]
Gold:   927        SH:  0    Dex: 19    Spells: 15/25 levels left

rFire   + . .      SeeInvis .    a - +2 short sword (distort) {!wshort}
rCold   . . .      Faith    .    (no shield)
rNeg    . . .      Spirit   .    s - +0 robe {rF+}
rPois   .          Reflect  .    x - +1 helmet "Feonam" {Dex+2}
rElec   .          Harm     .    C - +5 cloak "Miguolur" {+Blink}
rCorr   .          Rampage  .    (no gloves)
Will    .....      NoTele   +    g - +2 pair of boots
Stlth   ++++++....               (no amulet)
HPRegen 0.22/turn                p - +4 ring of protection
MPRegen 0.18/turn                I - ring of wizardry

@: lethally poisoned (-4 -> -96), slowed, studying Stealth, very slow
A: small, no large weapons, nightstalker 3
a: Renounce Religion, Evoke Blink, Wall Jump, Serpent's Lash


You were in a Gauntlet.
You worshipped Wu Jian.
Wu Jian was most pleased with you.
You visited 2 branches of the dungeon, and saw 14 of its levels.
You also visited: Ossuary and Gauntlet.

You collected 1137 gold pieces.
You spent 210 gold pieces at shops.


Innate Abilities, Weirdness & Mutations

You are small and have problems with some larger weapons.
You are completely attuned to the shadows.


   Skills:
 + Level 7.5 Fighting
 * Level 10.8 Short Blades
 + Level 8.1 Dodging
 - Level 12.0 Stealth
 + Level 7.2 Spellcasting
 - Level 5.0 Conjurations
 + Level 7.2 Transmutations
 - Level 7.0 Earth Magic
 - Level 5.0 Evocations


You had 15 spell levels left.
You knew the following spells:

 Your Spells              Type           Power      Damage    Failure   Level
a - Sandblast             Erth           66%        2d15      1%          1
b - Passwall              Tmut/Erth      27%        N/A       1%          2
c - Stone Arrow           Conj/Erth      58%        3d10      1%          3
d - Petrify               Tmut/Erth      33%        N/A       2%          4

Your spell library contained the following spells:

 Spells                   Type           Power      Damage    Failure   Level
 Shock                    Conj/Air       64%        1d7       1%          1
 Ignite Poison            Fire/Tmut/Pois 15%        N/A       4%          3
 Mephitic Cloud           Conj/Pois/Air  13%        N/A       6%          3
 Ice Form                 Ice/Tmut       20%        N/A       9%          4
 Gell's Gravitas          Tloc           6%         N/A       12%         3
 Swiftness                Air            6%         N/A       12%         3
 Teleport Other           Tloc           6%         N/A       12%         3
 Hailstorm                Conj/Ice       16%        3d6       14%         4
 Statue Form              Tmut/Erth      22%        N/A       32%         6
 Airstrike                Air            3%         2d(1-17)  36%         4
 Freezing Cloud           Conj/Ice/Air   6%         6-21      45%         5
 Metabolic Englaciation   Hex/Ice        3%         N/A       69%         5
 Dispersal                Tloc           3%         N/A       99%         6
 Simulacrum               Ice/Necr       3%         N/A       99%         6

Inventory:

Hand Weapons
 a - a +2 short sword of distortion (weapon) {!wshort}
   (You took it off a kobold on level 6 of the Dungeon)
 c - the +3 dagger of Juppeh {protect, Dex+4, short}
   (You found it on level 9 of the Dungeon)

   It grants its wielder temporary protection when it strikes (+7 to AC).
   Dex:       It affects your dexterity (+4).
 i - a +2 short sword of speed {short}
   (You bought it in a shop on level 2 of the Dungeon)
 n - a +6 quick blade of flaming {shortrare=g}
   (You acquired it on level 9 of the Dungeon)
 t - a +2 dagger of venom {short}
   (You took it off a goblin on level 1 of the Dungeon)
 E - a +0 eveningstar {macerare=g}
   (You found it on level 3 of the Dungeon)
 G - a +0 rapier {short}
   (You found it on level 3 of the Dungeon)
Missiles
 e - 169 stones {throwing}
 f - 21 poisoned darts {throwing}
 j - 9 boomerangs {throwing}
Armour
 g - a +2 pair of boots (worn)
   (You found it on level 1 of the Dungeon)
 s - a +0 robe of fire resistance (worn)
   (You took it off a wight on level 6 of the Dungeon)
 x - the +1 helmet "Feonam" (worn) {Dex+2}
   (You found it on level 11 of the Dungeon)

   Dex:       It affects your dexterity (+2).
 y - a +2 kite shield
   (You took it off a gnoll sergeant on level 4 of the Dungeon)
 C - the +5 cloak "Miguolur" (worn) {+Blink}
   (You found it on level 3 of the Dungeon)

   +Blink:    It lets you blink.
 K - a +0 leather armour
   (You took it off an orc on level 4 of the Dungeon)
 N - a +0 leather armour
   (You took it off an orc on level 5 of the Dungeon)
 X - a +0 leather armour
   (You took it off an orc on level 6 of the Dungeon)
Jewellery
 k - a ring of resist corrosion
   (You found it on level 4 of the Dungeon)
 p - a +4 ring of protection (left hand)
   (You found it on level 2 of the Dungeon)
 I - a ring of wizardry (right hand)
   (You found it on level 11 of the Dungeon)
 O - a ring of fire
   (You found it on level 12 of the Dungeon)
Wands
 z - a wand of quicksilver (9)
   (You found it on level 7 of the Dungeon)
 P - a wand of charming (10)
   (You found it on level 5 of the Dungeon)
 S - a wand of roots (8)
   (You found it on level 11 of the Dungeon)
 U - a wand of polymorph (4)
   (You found it on level 12 of the Dungeon)
Scrolls
 h - 3 scrolls of noise {!r}
 m - 3 scrolls of torment {!r}
 o - 4 scrolls of teleportation {@r4}
 q - 2 scrolls of amnesia
 H - a scroll of poison {!r}
 J - a scroll of vulnerability {!r!r}
 M - 3 scrolls of immolation {!r!r}
 Q - 2 scrolls of butterflies
 Y - 2 scrolls of identify {@r1}
Potions
 b - 2 potions of magic
 d - 4 potions of haste {@q3}
 l - 4 potions of mutation {!q}
 r - a potion of ambrosia
 u - 7 potions of curing {@q1}
 v - 4 potions of brilliance
 A - 4 potions of flight
 B - 2 potions of heal wounds {@q2}
 D - 3 potions of attraction {!q}
 F - 3 potions of berserk rage {!q}
 R - a potion of cancellation
 T - 2 potions of resistance
 V - 2 potions of might
Miscellaneous
 L - a lightning rod (4/4)
   (You found it on level 12 of the Dungeon)
 W - a box of beasts
   (You found it on level 12 of the Dungeon)
 Z - a phantom mirror
   (You found it in a Gauntlet)

Dungeon Overview and Level Annotations

Branches:
Dungeon (13/15) Zot: 26810  Temple (1/1) D:6 Zot: 5837    Lair (0/5) D:11
    Orc (0/2) D:9         Ossuary (visited)         Gauntlet (1/1) Zot: 5564
 Vaults: D:13-14

Altars:
Ashenzari
Cheibriados
Dithmenos
Fedhas
Gozag
Hepliaklqana
Kikubaaqudgha
Makhleb
Nemelex Xobeh
Qazlal
Ru
Sif Muna
Uskayaw
Vehumet
Wu Jian
Xom
Yredelemnul
Zin
The Shining One

Shops:
D:2 !(((

Portals:
Trove: D:10 (give 11 potions of heal wounds)

Annotations:
D:12 exclusion: 2 centaurs Gauntlet 9 transporters, exclusion: orange crystal statue

###...8.# ..#...§8≈...#...#.
#.....# ©.#....≈....#.©.#.
###..#### ######...#########
#8#..#..[ ©?Z..#...##.#!©)[.
###..#... .#...#...###.#.##.
#..#... k...#...##..####.
###..#.#. .#.#...##h. ..
#8#..#.## ####.#...###. ##
###..#.#. #@Z#.#...#.#. .#
#..#Z...#kZ..#...#..## ##.
###..#...###...#...####.#..#
#8#..#.........#...##..##b#.
###..###########...#########
#.....#.©.#....§....#.©.#.
###...8.#...#...§8≈...#...#.
#8#.....#.©.#....≈....#.©.#.
###..###########...#########


You could see a death drake (fleeing, catching breath), a wolf spider zombie and
a centaur warrior zombie.


Message History

The white imp completely misses you.
You hit the white imp but do no damage. You hit the white imp.
Space warps around the white imp.
The white imp gestures at you. The puff of frost misses you.
You barely miss the white imp. You hit the white imp but do no damage.
Space warps horribly around the white imp.
The white imp completely misses you.
You hit the white imp.
Space warps horribly around the white imp!
You kill the white imp!
The Council accepts your kill.
You lunge at the shadow imp, in a flurry of attacks.
You closely miss the shadow imp. You hit the shadow imp.
Space warps around the shadow imp.
The shadow imp hits you but does no damage.
Unknown command.
You hit the shadow imp but do no damage.
Space warps around the shadow imp.
The shadow imp misses you.
You hit the shadow imp.
You kill the shadow imp!
The Council accepts your kill.
You now have 927 gold pieces (gained 41).
Unknown command.
There is a transporter here.
Z - a phantom mirror Unknown command.
The wizard shouts!
Danger!
Unknown command.
You hit the wizard but do no damage.
Space warps horribly around the wizard!!
The wizard barely misses you.
You hit the wizard but do no damage.
Space warps around the wizard.
The wizard's eyes start to glow.
The wizard casts a spell.
The wizard blinks!
The wizard shouts, "You are history!"
Danger!
The wizard casts a spell.
The wizard flickers and vanishes!
Deactivating autopickup; reactivate with Ctrl-A.
Unknown command.
Something misses you.
Unknown command.
You barely miss something. You hit something.
You hear some strange, mumbled words.
A fireball appears from out of thin air!
The fireball explodes!
The fireball engulfs you! You resist.
The fireball engulfs something!!
Reactivating autopickup.
You feel a bit more experienced.
Things that are here:
a +1 dagger of venom {short}; a +0 robe; a human corpse
There is a transporter here.
Unknown command.
You enter the transporter and appear at another place.
Unknown command.
Unknown command.
The death drake hisses angrily.
There is a transporter here.
You enter the transporter and appear at another place.
The death drake breathes miasma at you. The foul vapour engulfs you.
You are poisoned.
Danger!
You hit the death drake.
You are engulfed in dark miasma.
You are more poisoned.
You feel yourself slow down.
You feel very sick.
You barely miss the death drake.
You are engulfed in dark miasma.
You are lethally poisoned!
* * * LOW HITPOINT WARNING * * *
You feel extremely sick.
The death drake bites you but does no damage.
The death drake breathes miasma at you. The foul vapour misses you.
You barely miss the death drake.
You are engulfed in dark miasma.
You are more poisoned.
* * * LOW HITPOINT WARNING * * *
x2 You feel extremely sick.
The centaur warrior zombie closely misses you.
The centaur warrior zombie barely misses you.
The death drake bites you but does no damage.
The wolf spider zombie hits you!
* * * LOW HITPOINT WARNING * * *
The wolf spider zombie closely misses you.
As you read the scroll of fear, it crumbles to dust.
You assume a fearsome visage.
The wolf spider zombie is unaffected.
The death drake looks frightened!
The centaur warrior zombie is unaffected.
You are engulfed in dark miasma.
You are more poisoned.
You die...

Skill      XL: |  1  2  3  4  5  6  7  8  9 10 11 12 |
---------------+-------------------------------------+-----
Stealth        | 3 4 6 9 11 12 | 12.0
Fighting       | 1 2 4 5 6 7 |  7.5
Short Blades   | 1 2 3 4 5 7 9 10 | 10.8
Dodging        | 3 4 5 6 7 8 |  8.1
Transmutations | 2 3 5 6 7 |  7.2
Earth Magic    | 4 5 6 7 |  7.0
Spellcasting   | 3 4 5 6 7 |  7.2
Evocations     | 1 3 4 5 |  5.0
Conjurations   | 1 2 4 5 |  5.0

Action                   |  1- 3 |  4- 6 |  7- 9 | 10-12 || total
-------------------------+-------+-------+-------+-------++-------
Melee: Hand axe          |     5 |       |       |       ||     5
       Punch             |     1 |     1 |     7 |    11 ||    20
       Dagger            |    15 |    49 |       |       ||    64
       Short sword       |       |     9 |   436 |   554 ||   999
 Cast: Sandblast         |    40 |    41 |    19 |     1 ||   101
       Passwall          |     2 |    11 |     4 |    10 ||    27
       Petrify           |       |       |       |     7 ||     7
Invok: Lunge             |       |       |    21 |    75 ||    96
       Whirlwind         |       |       |       |   130 ||   130
       Serpent's Lash    |       |       |       |     2 ||     2
  Use: Scroll            |       |    16 |     5 |    16 ||    37
 Stab: Sleeping          |     6 |    13 |    28 |    34 ||    81
       Distracted        |       |       |     2 |     1 ||     3
Armor: Robe              |     3 |    15 |   136 |    91 ||   245
Dodge: Dodged            |    14 |    31 |   240 |   252 ||   537

Levels and vault maps discovered:
D:1:      moated_graveyard_arrival, layout_loops_ring
D:2:      layout_basic, basic_altar, shapermc_ecumenical_altar_mp_ritualfount,
          serial_shops, nicolae_diamond_shop, shop, shop_fountains, shop,
          uniq_robin
D:3:      layout_basic, serial_glass, glass_columns_a, glass_columns_b,
          glass_columns_b, glass_columns_b, glass_columns_c, glass_columns_a,
          item_on_display_a
D:4:      layout_basic
D:5:      layout_basic, goddamned_bats
D:6:      layout_loops_ring, minmay_temple_entry_tees
D:7:      layout_rooms, minmay_manual_mail
D:8:      layout_basic, lemuel_crystal_altar, enter_ossuary_5, minmay_checkerbox
D:9:      layout_roguey, overflow_temple_1_default, david_orc_3,
          hangedman_glass_teeth
D:10:     layout_loops_ring, grunt_temple_overflow_open, pf_just_have_faith,
          nicolae_trove_entry_free_sample
D:11:     layout_big_octagon, dpeg_oklobed_lair
D:12:     layout_irregular_city, centaur_isle
D:13:     layout_loops_ring, hangedman_vaults_entry_quadrant_bands,
          gauntlet_entry_generic
Temple:   bh_familiar_temple
Gauntlet: gammafunk_gauntlet_hard_choice [gammafunk_gauntlet_arena_open,
          nicolae_gauntlet_arena_grate_2, gammafunk_gauntlet_arena_mazey,
          nicolae_gauntlet_arena_t_cross, gammafunk_gauntlet_arena_chambers,
          gammafunk_gauntlet_arena_corners, gauntlet_exit_hidden_loot]

Notes
Turn   | Place    | Note
-------+----------+-------------------------------------------
     0 | D:1      | Sobieck the Kobold Earth Elementalist began the quest for
                  | the Orb.
     0 | D:1      | Reached XP level 1. HP: 10/10 MP: 3/3
   218 | D:1      | Reached XP level 2. HP: 16/16 MP: 1/5
   563 | D:1      | Reached skill level 3 in Stealth
   601 | D:1      | Reached XP level 3. HP: 20/20 MP: 4/6
   704 | D:1      | You pick up a book of the Tundra and begin reading...
   704 | D:1      | You add the spells Hailstorm, Ice Form and Simulacrum to
                  | your library.
   809 | D:1      | Learned a level 2 spell: Passwall
  1173 | D:2      | Found Lotson's Weapon Shop.
  1185 | D:2      | You pick up a book of Air and begin reading...
  1185 | D:2      | You add the spells Shock, Swiftness and Airstrike to your
                  | library.
  1189 | D:2      | Noticed Robin
  1215 | D:2      | Reached skill level 1 in Fighting
  1238 | D:2      | Found a shimmering altar of Xom.
  1319 | D:2      | Found Izosig's Weapon Emporium.
  1326 | D:2      | Reached skill level 1 in Short Blades
  1405 | D:2      | Reached XP level 4. HP: 25/25 MP: 7/7
  1444 | D:2      | Found a faded altar of an unknown god.
  1496 | D:2      | Found Fasihig's Distillery.
  1500 | D:2      | Found Uqaemuh's Weapon Shoppe.
  1758 | D:2      | Killed Robin
  1861 | D:3      | Reached skill level 3 in Dodging
  2288 | D:3      | Identified the +5 cloak "Miguolur" {+Blink}
  2507 | D:3      | Reached XP level 5. HP: 29/29 MP: 5/8
  2561 | D:3      | E - a +0 eveningstar {macerare=g}
  3819 | D:4      | Noticed an ogre
  3893 | D:4      | Killed an ogre
  3894 | D:4      | Reached skill level 2 in Short Blades
  3894 | D:4      | Reached skill level 2 in Transmutations
  3894 | D:4      | Reached skill level 4 in Earth Magic
  3894 | D:4      | Reached XP level 6. HP: 35/35 MP: 7/10
  4095 | D:4      | Reached skill level 2 in Fighting
  4095 | D:4      | Reached skill level 3 in Spellcasting
  4181 | D:2      | Bought a +2 short sword of speed for 210 gold pieces
  4225 | D:4      | You add the spells Gell's Gravitas, Teleport Other and
                  | Dispersal to your library.
  4492 | D:5      | Entered Level 5 of the Dungeon
  4562 | D:5      | Noticed an ogre
  4572 | D:5      | HP: 3/35 [ogre/+0 giant club (12)]
  4573 | D:5      | Killed an ogre
  4574 | D:5      | Reached skill level 4 in Stealth
  4574 | D:5      | Reached XP level 7. HP: 3/40 MP: 8/11
  4891 | D:5      | HP: 7/34 [orc priest/nerve-wracking pain (9)]
  5159 | D:5      | Learned a level 3 spell: Stone Arrow
  5538 | D:4      | Reached skill level 4 in Dodging
  5558 | D:5      | Reached skill level 3 in Short Blades
  5558 | D:5      | Reached skill level 5 in Earth Magic
  5985 | D:5      | Reached XP level 8. HP: 45/45 MP: 9/13
  5992 | D:5      | Reached skill level 3 in Fighting
  5992 | D:5      | Reached skill level 3 in Transmutations
  6136 | D:5      | Reached skill level 5 in Stealth
  6354 | D:5      | Learned a level 4 spell: Petrify
  6570 | D:6      | Reached skill level 4 in Short Blades
  6570 | D:6      | Reached skill level 4 in Spellcasting
  6675 | D:5      | Reached skill level 5 in Dodging
  6964 | D:6      | Found a staircase to the Ecumenical Temple.
  6968 | D:6      | Reached skill level 6 in Stealth
  6973 | Temple   | Entered the Ecumenical Temple
  7118 | Temple   | Became a worshipper of the Wu Jian Council
  7243 | D:6      | Reached skill level 4 in Fighting
  7304 | D:6      | Reached XP level 9. HP: 46/52 MP: 15/15
  7489 | D:6      | Reached skill level 5 in Short Blades
  7489 | D:6      | Reached skill level 4 in Transmutations
  8270 | D:5      | Reached skill level 7 in Stealth
  8270 | D:5      | Reached skill level 5 in Spellcasting
  8298 | D:5      | Reached * piety under Wu Jian
  8487 | D:6      | Reached skill level 5 in Fighting
  8627 | D:6      | Reached skill level 8 in Stealth
  8627 | D:6      | Reached skill level 5 in Transmutations
  8975 | D:7      | Reached skill level 9 in Stealth
  9066 | D:7      | Noticed a hornet
  9071 | D:7      | Killed a hornet
  9076 | D:7      | Reached skill level 1 in Evocations
  9083 | D:7      | Reached skill level 1 in Conjurations
  9083 | D:7      | Reached XP level 10. HP: 59/59 MP: 17/17
  9643 | D:8      | Found a sacrificial altar of Ru.
  9653 | D:8      | Noticed a kobold demonologist
  9655 | D:8      | Killed a kobold demonologist
  9656 | D:8      | Reached skill level 6 in Short Blades
  9656 | D:8      | Reached skill level 10 in Stealth
  9656 | D:8      | Reached skill level 2 in Evocations
  9682 | D:8      | Reached ** piety under Wu Jian
  9760 | D:8      | Found a sand-covered staircase.
  9767 | Ossuary  | Entered an ossuary
  9827 | Ossuary  | Reached skill level 2 in Conjurations
 10219 | D:8      | Reached skill level 11 in Stealth
 10330 | D:8      | Reached skill level 7 in Short Blades
 10876 | D:9      | Identified a scroll of acquirement
 10877 | D:9      | Acquired a +6 quick blade
 10879 | D:9      | n - a +6 quick blade {shortrare=g}
 10919 | D:9      | Found a basalt altar of Yredelemnul.
 11013 | D:9      | Reached skill level 3 in Evocations
 11023 | D:9      | Reached skill level 6 in Dodging
 11040 | D:9      | Found a staircase to the Orcish Mines.
 11060 | D:9      | Reached XP level 11. HP: 51/64 MP: 19/19
 11072 | D:9      | Reached skill level 12 in Stealth
 11201 | D:9      | Reached *** piety under Wu Jian
 11230 | D:9      | Reached skill level 6 in Fighting
 11247 | D:9      | Reached skill level 3 in Conjurations
 11764 | D:9      | Reached skill level 6 in Spellcasting
 11764 | D:9      | Reached skill level 6 in Transmutations
 11764 | D:9      | Reached skill level 6 in Earth Magic
 12027 | D:9      | You add the spells Ignite Poison, Mephitic Cloud and
                  | Freezing Cloud to your library.
 12039 | D:9      | Reached skill level 8 in Short Blades
 12065 | D:9      | Noticed a deep elf pyromancer
 12072 | D:9      | Killed a deep elf pyromancer
 12073 | D:9      | Reached skill level 4 in Evocations
 12095 | D:9      | Identified the +3 dagger of Juppeh {protect, Dex+4}
 12158 | D:10     | Entered Level 10 of the Dungeon
 12215 | D:10     | Noticed a cyclops
 12221 | D:10     | Killed a cyclops
 12397 | D:10     | Found a hazy altar of Hepliaklqana.
 12418 | D:10     | Found a portal to a secret trove of treasure.
 12422 | D:10     | This trove needs 11 potions of heal wounds to function.
                  | Give it the items?
 12445 | D:10     | Found a broken altar of Ashenzari.
 12488 | D:10     | Found a radiant altar of Vehumet.
 12734 | D:10     | Identified the +5 falchion "Xyvich" {drain, rPois}
 13041 | D:11     | Identified the +1 helmet "Feonam" {Dex+2}
 13176 | D:11     | Noticed a boulder beetle
 13192 | D:11     | Killed a boulder beetle
 13192 | D:11     | Reached skill level 9 in Short Blades
 13192 | D:11     | Reached skill level 7 in Dodging
 13192 | D:11     | Reached skill level 4 in Conjurations
 13485 | D:11     | You pick up a book of Sloth and begin reading...
 13485 | D:11     | You add the spells Metabolic Englaciation and Statue Form
                  | to your library.
 13574 | D:11     | Noticed a manticore
 13584 | D:11     | Killed a manticore
 13728 | D:11     | Found a staircase to the Lair.
 13728 | D:11     | Noticed an oklob plant
 13732 | D:11     | Noticed a two-headed ogre
 13906 | D:11     | Banished a two-headed ogre
 13907 | D:11     | Reached XP level 12. HP: 66/71 MP: 9/21
 14191 | D:11     | Reached skill level 5 in Evocations
 14318 | D:12     | your +6 quick blade {shortrare=g} is engulfed in flames!
 14318 | D:12     | n - a +6 quick blade of flaming {shortrare=g}
 14355 | D:12     | Reached skill level 7 in Fighting
 14722 | D:12     | Reached skill level 10 in Short Blades
 14875 | D:12     | Identified the +1 pair of boots of Wrong Decisions {rF- rC+
                  | rN+ Stlth+}
 15243 | D:12     | Reached skill level 7 in Transmutations
 15625 | D:13     | Reached skill level 7 in Spellcasting
 15625 | D:13     | Reached skill level 7 in Earth Magic
 15679 | D:13     | Reached skill level 8 in Dodging
 15679 | D:13     | Reached skill level 5 in Conjurations
 15718 | D:13     | Found a gate leading to a gauntlet.
 15727 | Gauntlet | Entered a Gauntlet
 15819 | Gauntlet | Found a transporter.
 15844 | Gauntlet | Found a transporter.
 15844 | Gauntlet | Found a transporter.
 15854 | Gauntlet | Noticed a hell hog
 15862 | Gauntlet | Found a transporter.
 15862 | Gauntlet | Found a transporter.
 15873 | Gauntlet | Noticed a reaper
 15880 | Gauntlet | Found a transporter.
 15912 | Gauntlet | Noticed a death drake
 15930 | Gauntlet | Found a transporter.
 15930 | Gauntlet | Found a transporter.
 15945 | Gauntlet | Found a transporter.
 15945 | Gauntlet | Found a transporter.
 15959 | Gauntlet | Found a transporter.
 15961 | Gauntlet | Found the +2 hood of the Assassin {Detection Stab+ Stlth++}
 16009 | Gauntlet | Found a transporter.
 16169 | Gauntlet | HP: 13/72 [poisoned by a death drake (dark miasma)]
 16169 | Gauntlet | HP: 4/72 [wolf spider zombie (9)]
 16170 | Gauntlet | Engulfed by a death drake's foul pestilence

Vanquished Creatures
  A boulder beetle (D:11)
  An ugly thing (D:12)
  An oklob plant (D:11)
  2 manticores
  A deep elf pyromancer (D:9)
  2 cyclopes
  2 gargoyles
  4 kobold demonologists
  4 trolls
  2 hornets
  2 wraiths
  A vampire (D:11)
  15 yaks
  A vampire mosquito (D:11)
  2 wargs (D:9)
  2 acid dragons
  A water moccasin (D:7)
  3 orc warriors
  2 ice beasts (D:6)
  A black bear (D:6)
  4 ogres
  2 centaurs
  A phantom (D:4)
  3 kobold brigands
  A necrophage (D:7)
  2 gnoll sergeants
  A bullfrog (D:8)
  10 wights
  3 scorpions
  6 killer bees
  A vampire bat (D:5)
  A howler monkey (D:7)
  2 jellies
  4 orc priests
  3 hounds
  A gnoll bouda (D:7)
  2 iguanas
  9 orc wizards
  8 mummies (Ossuary)
  Robin (D:2)
  13 gnolls
  4 adders
  4 shadow imps
  2 white imps
  An ufetubus (D:5)
  2 worms
  A dart slug (D:2)
  3 fire bats (D:5)
  24 orcs
  2 spectral bats (D:5)
  6 ball pythons
  3 bat skeletons (D:5)
  A bat zombie (D:5)
  3 endoplasms
  4 giant cockroaches
  21 goblins
  8 hobgoblins
  13 jackals
  19 kobolds
  4 quokkas
  13 bats
  A bat simulacrum (D:5)
  2 frilled lizards (D:1)
  2 hobgoblin zombies (Ossuary)
  3 kobold zombies (Ossuary)
  3 orc zombies (Ossuary)
  3 rats
280 creatures vanquished.

Vanquished Creatures (others)
  A wizard (Gauntlet)
  2 demonic plants (Gauntlet)
  6 plants (D:11)
9 creatures vanquished.

Grand Total: 289 creatures vanquished

Table legend:
 A = Non-vault XP
 B = Vault XP
 C = Vault XP percentage of total XP
 D = Non-vault monster count
 E = Vault monster count
 F = Vault count percentage of total count
                 A         B        C        D         E       F
            +---------+---------+-------+---------+---------+-------
      Total |   19324 |    3280 |  14.5 |     224 |      72 |  24.3
            +---------+---------+-------+---------+---------+-------
        D:1 |      46 |       0 |   0.0 |      27 |       0 |   0.0
        D:2 |      31 |      36 |  53.7 |      14 |      12 |  46.2
        D:3 |      39 |       0 |   0.0 |      14 |       0 |   0.0
        D:4 |     444 |       2 |   0.4 |      20 |       1 |   4.8
        D:5 |    1040 |     177 |  14.5 |      24 |      20 |  45.5
        D:6 |    1426 |       0 |   0.0 |      29 |       0 |   0.0
        D:7 |     439 |     740 |  62.8 |      11 |       4 |  26.7
        D:8 |    2152 |     433 |  16.8 |      29 |       4 |  12.1
        D:9 |    2198 |     721 |  24.7 |      14 |      10 |  41.7
       D:10 |    2074 |       0 |   0.0 |      12 |       0 |   0.0
       D:11 |    3389 |     587 |  14.8 |       8 |       1 |  11.1
       D:12 |    3701 |       0 |   0.0 |      13 |       0 |   0.0
       D:13 |    2345 |       0 |   0.0 |       9 |       0 |   0.0
    Ossuary |       0 |     155 | 100.0 |       0 |      16 | 100.0
   Gauntlet |       0 |     429 | 100.0 |       0 |       4 | 100.0
            +---------+---------+-------+---------+---------+-------

Illustrated notes

Table legend:
 A = Kills in this place as a percentage of kills in entire the game.
 B = Kills by you in this place as a percentage of kills by you in the entire game.
 C = Kills by friends in this place as a percentage of kills by friends in the entire game.
 D = Other kills in this place as a percentage of other kills in the entire game.
 E = Experience gained in this place as a percentage of experience gained in the entire game.
 F = Experience gained in this place divided by the number of levels of this place that you have seen.
                   A       B       C       D       E      F
               +-------+-------+-------+-------+-------+----------------------
         Total | 100.0 | 100.0 |   N/A | 100.0 | 100.0 | 1412.8
       Dungeon |  93.2 |  93.2 |   N/A |  93.8 |  97.4 | 1693.8
       Ossuary |   5.4 |   5.7 |   N/A |   0.0 |   0.7 | 155.0
      Gauntlet |   1.4 |   1.1 |   N/A |   6.2 |   1.9 | 429.0
               +-------+-------+-------+-------+-------+----------------------

Table legend: (Time is in decaauts)
 A = Elapsed time spent in this place.
 B = Non-inter-level travel time spent in this place.
 C = Inter-level travel time spent in this place.
 D = Time resting spent in this place.
 E = Time spent auto-exploring this place.
 F = Levels seen in this place.
 G = Mean time per level.
                   A        B        C        D        E       F      G
               +--------+--------+--------+--------+--------+-----+--------+
         Total |  15967 |  15366 |    601 |   3223 |   8544 |  16 |  997.9 |
       Dungeon |  15128 |  14544 |    584 |   3136 |   8327 |  13 | 1163.7 |
        Temple |    162 |    145 |     17 |      0 |    117 |   1 |  162.0 |
       Ossuary |    240 |    240 |      0 |      0 |      0 |   1 |  240.0 |
      Gauntlet |    436 |    436 |      0 |     87 |    100 |   1 |  436.0 |
               +--------+--------+--------+--------+--------+-----+--------+

Top non-repeatable levels by time:
     D:5: 2104 daAuts
     D:4: 1669 daAuts
     D:3: 1565 daAuts
     D:6: 1404 daAuts
    D:11: 1206 daAuts
    D:12: 1191 daAuts
     D:8: 1185 daAuts
     D:9: 1121 daAuts
     D:1: 1093 daAuts
    D:10: 932 daAuts
     D:2: 783 daAuts
     D:7: 682 daAuts
Gauntlet: 436 daAuts
 Ossuary: 240 daAuts
    D:13: 189 daAuts
